 Dungeon Crawl Stone Soup version 0.19-a0-1178-gcc2d2a7 (webtiles) character file.

81 AlphabetPasta the Firebug (level 4, -2/27 HPs)
             Began as a High Elf Fire Elementalist on Aug 17, 2016.
             Slain by a river rat (7 damage)
             ... on level 3 of the Dungeon.
             The game lasted 00:10:29 (2062 turns).

AlphabetPasta the Firebug (HEFE)                    Turns: 2062, Time: 00:10:30

Health: -2/27      AC:  3    Str:  7    XL:     4   Next: 19%
Magic:  4/10       EV: 13    Int: 20    God:
Gold:   112        SH:  0    Dex: 15    Spells: 3 memorised, 3 levels left

rFire  . . .     SeeInvis .     j - +1 spear
rCold  . . .     Gourm    .     a - +0 robe
rNeg   . . .     Faith    .     (no shield)
rPois  .         Spirit   .     o - +0 helmet
rElec  .         Dismiss  .     (no cloak)
rCorr  .         Reflect  .     (no gloves)
MR     .....     Harm     .     (no boots)
Stlth  +.........               (no amulet)
                                (no ring)
                                (no ring)

@: no status effects
A: no striking features
a: no special abilities


You were on level 3 of the Dungeon.
You were not hungry.

You visited 1 branch of the dungeon, and saw 3 of its levels.

You collected 112 gold pieces.

Inventory:

Hand Weapons
 j - a +1 spear (weapon)
Missiles
 k - 2 javelins (quivered)
Armour
 a - a +0 robe (worn)
 o - a +0 helmet (worn)
Jewellery
 t - an uncursed amulet of rage {unknown}
Wands
 g - a wand of teleportation (4/9)
Scrolls
 e - 2 scrolls of identify
 i - 3 scrolls of enchant weapon
 l - a scroll of teleportation
Potions
 h - a potion of heal wounds
 p - a potion of might
 q - 2 potions of invisibility
 r - a potion of cancellation
Books
 b - a book of Flames

   Spells                             Type                      Level
   a - Flame Tongue                   Conjuration/Fire             1
   b - Throw Flame                    Conjuration/Fire             2
   c - Conjure Flame                  Conjuration/Fire             3
   d - Inner Flame                    Hexes/Fire                   3
   e - Sticky Flame                   Conjuration/Fire             4
   f - Fireball                       Conjuration/Fire             5
Comestibles
 c - 6 bread rations
 d - a royal jelly
 f - 5 chunks of flesh
 m - 2 beef jerkies
 n - 2 meat rations


   Skills:
 - Level 2.3 Dodging
 - Level 2.1 Stealth
 + Level 3.4 Spellcasting
 - Level 1.1 Conjurations
 * Level 4.4 Fire Magic


You had 3 spell levels left.
You knew the following spells:

 Your Spells              Type           Power        Failure   Level  Hunger
a - Flame Tongue          Conj/Fire      ##...        4%          1    None
b - Throw Flame           Conj/Fire      ##....       10%         2    ##.....
c - Conjure Flame         Conj/Fire      ##......     14%         3    ###....


Dungeon Overview and Level Annotations

Branches:
Dungeon (3/15)

Altars:
Uskayaw
Zin

Portals:
Sewer: D:3


Message History

The rat closely misses you.
The giant frog skeleton barely misses you.
The rat bites you. The rat bites you but does no damage.
The giant frog skeleton hits you!
Some of the chunks of flesh in your inventory have rotted away.
You enter the shallow water.
Moving in this stuff is going to be slow.
The river rat barely misses you. The rat barely misses you.
The giant frog skeleton completely misses you.
Found a robe.
The river rat bites you.
You closely miss the river rat.
The giant frog skeleton hits you but does no damage.
The river rat bites you!
* * * LOW HITPOINT WARNING * * *
The giant frog skeleton hits you.
* * * LOW HITPOINT WARNING * * *
The river rat bites you!
You die...

.. .............#.#
...[.#######.###w#.#####
..... ####.w..##.#......
.....##....##.##w#######
...........##..#.#
...........# #.#.#
.....≈≈r...# #...#
....≈≈≈rZ..# ##..#
....≈≈r@≈..# #..#
....≈≈≈≈≈..####..##
.....≈≈≈..........#
..................#
..................#
.....####)#.......#
##### #...%.....#
###.......# #.......#


You could see a worm, 2 river rats, a rat and a giant frog skeleton.

Vanquished Creatures
  2 adders
  2 worms (D:2)
  A dart slug (D:2)
  2 giant geckos (D:1)
  2 orcs (D:3)
  3 giant cockroaches
  6 goblins
  6 hobgoblins
  8 jackals
  2 ball pythons
  5 bats
  A giant newt (D:2)
  4 kobolds
  4 rats
48 creatures vanquished.

Notes
Turn   | Place    | Note
-------+----------+-------------------------------------------
     0 | D:1      | AlphabetPasta the High Elf Fire Elementalist began the quest for the Orb.
     0 | D:1      | Reached XP level 1. HP: 11/11 MP: 4/4
   337 | D:1      | Reached XP level 2. HP: 17/17 MP: 2/6
   341 | D:1      | Learned a level 2 spell: Throw Flame
   942 | D:2      | Found a faded altar of an unknown god.
  1135 | D:2      | Reached XP level 3. HP: 21/21 MP: 2/8
  1144 | D:2      | Learned a level 3 spell: Conjure Flame
  1663 | D:2      | Reached skill level 4 in Fire Magic
  1724 | D:3      | Learned a level 3 spell: Conjure Flame
  1911 | D:3      | Reached XP level 4. HP: 27/27 MP: 6/9
  1951 | D:3      | Found a glowing silver altar of Zin.
  1954 | D:3      | Found a hide-covered altar of Uskayaw.
  2019 | D:3      | Found a glowing drain.
  2062 | D:3      | Slain by a river rat

Vault maps used:
D:1:      dpeg_arrival_court
D:2:      ecumenical_altar_1
D:3:      nicolae_overflow_hidden_temple, portal_sewer_entry_a, first_bread

Skill      XL: |  1  2  3 |
---------------+----------+-----
Spellcasting   | 3 |  3.4
Fire Magic     | 4 |  4.4
Dodging        | |  2.3
Stealth        | |  2.1
Conjurations   | |  1.1

Action                   |  1- 3 |  4- 6 || total
-------------------------+-------+-------++-------
Melee: Spear             |     4 |     1 ||     5
 Cast: Flame Tongue      |    69 |    14 ||    83
       Throw Flame       |     2 |       ||     2
  Use: Scroll            |     9 |       ||     9
 Stab: Sleeping          |     4 |       ||     4
  Eat: Chunk             |     3 |       ||     3
Armor: Robe              |     5 |     4 ||     9
Dodge: Dodged            |     5 |    11 ||    16
